 Dungeon Crawl Stone Soup version 0.19.0-2-gae57169 (console) character file.

88 CALLOUS the Sneak (level 4, -3/26 HPs)
             Began as a Gargoyle Enchanter on Nov 6, 2016.
             Killed by nerve-wracking pain
             ... invoked by an orc priest
              (5 damage)
             ... on level 4 of the Dungeon.
             The game lasted 01:46:43 (4222 turns).

CALLOUS the Sneak (Gargoyle Enchanter)              Turns: 4222, Time: 01:46:43

Health: -3/26      AC:  7    Str: 11    XL:     4   Next: 53%
Magic:  1/7        EV: 12    Int: 17    God:
Gold:   173        SH:  0    Dex: 10    Spells: 3 memorised, 1 level left

rFire  . . .     SeeInvis .     z - +2 dagger (freeze)
rCold  . . .     Gourm    .     b - +1 robe
rNeg   + . .     Faith    .     (no shield)
rPois  ∞         Spirit   .     (no helmet)
rElec  +         Reflect  .     (no cloak)
rCorr  .         Harm     .     (no gloves)
MR     .....                    t - +0 pair of boots
Stlth  ++........               (no amulet)
                                (no ring)
                                (no ring)

@: very slightly contaminated
A: negative energy resistance 1, electricity resistance, unbreathing,
petrification resistance, rot immunity, AC +3
a: no special abilities


You were on level 4 of the Dungeon.
You were not hungry.

You visited 1 branch of the dungeon, and saw 4 of its levels.

You collected 173 gold pieces.

Inventory:

Hand Weapons
 a - a +1 dagger
 z - a +2 dagger of freezing (weapon)
Missiles
 g - 43 sling bullets
 m - 124 stones (quivered)
 n - 22 arrows
 p - 37 bolts
 D - 5 tomahawks
Armour
 b - a +1 robe (worn)
 t - a +0 pair of boots (worn)
Jewellery
 f - an uncursed ring of protection from cold {unknown}
 o - an uncursed amulet of rage {unknown}
Scrolls
 e - 5 scrolls of identify {unknown}
 q - a scroll of fear {unknown}
 s - 2 scrolls of amnesia {unknown}
 v - a scroll of enchant armour {unknown}
 y - a scroll of remove curse {unknown}
 B - a scroll of recharging {unknown}
Potions
 j - a potion of flight {unknown}
 l - 3 potions of lignification {unknown}
 x - a potion of ambrosia {unknown}
Books
 c - a book of Maledictions

   Spells                             Type                      Level
   a - Corona                         Hexes                        1
   b - Ensorcelled Hibernation        Hexes/Ice                    2
   c - Confuse                        Hexes                        3
   d - Tukima's Dance                 Hexes                        3
   e - Dazzling Spray                 Conjuration/Hexes            3
Comestibles
 d - a bread ration
 h - a beef jerky
 i - 2 slices of pizza
 k - a meat ration
 w - 2 fruits


   Skills:
 * Level 2.0 Fighting
 - Level 0.8 Short Blades
 * Level 1.5 Armour
 - Level 1.5 Dodging
 + Level 4.6 Stealth
 - Level 2.0 Spellcasting
 * Level 1.3 Conjurations
 - Level 2.6 Hexes


You had one spell level left.
You knew the following spells:

 Your Spells              Type           Power        Failure   Level  Hunger
a - Corona                Hex            ##.....      10%         1    #......
b - Ensorcelled Hibernat  Hex/Ice        #.....       21%         2    ###....
c - Dazzling Spray        Conj/Hex       #.....       24%         3    ###....


Dungeon Overview and Level Annotations

Branches:
Dungeon (4/15)
 Temple: D:4-7

Altars:

Annotations:
D:1 1 exclusion
D:2 exclusion: adder
D:3 exclusions: orc and orc priest, Leibowitz's ghost, amateur MfGl; Sigmund
D:4 exclusion: worker ant, Blork the orc


Innate Abilities, Weirdness & Mutations

You are resistant to torment.
Your stone body is resilient. (AC +3)
You are immune to poison.
You resist negative energy. (rN+)
You are resistant to electric shocks. (rElec)
You can survive without breathing.
You are immune to petrification.
You are immune to rotting.


Message History

Aim: an orc priest, wearing a ring mail (chance to defeat MR: 37%)
You miscast Ensorcelled Hibernation.
Nothing appears to happen.
The orc priest calls down the wrath of Beogh upon you.
Beogh smites you!
You hit the orc priest but do no damage.
The orc priest hits you.
* * * LOW HITPOINT WARNING * * *
All of the chunks of flesh in your inventory have rotted away.
You closely miss the orc priest. The orc priest barely misses you.
You hit the orc priest but do no damage.
The orc priest hits you but does no damage.
You barely miss the orc priest.
The orc priest hits you but does no damage.
You hit the orc priest but do no damage.
The orc priest hits you.
* * * LOW HITPOINT WARNING * * *
You barely miss the orc priest.
The orc priest invokes the aid of Beogh against you.
Pain shoots through your body!
You die...

.........#.#######
.........#.......#
.........#######)#####
........[#######.....#
.................###.#
........###.......##.#
######### #.......##.#
#.......##.#
#.......##.#
#....o..##.#
######@###.# #.....#
#######
####################
............O......#
##################.#
#.# #.#


You could see an orc priest.

Vanquished Creatures
  An adder (D:4)
  2 oozes (D:2)
  A worm (D:1)
  A dart slug (D:2)
  5 leopard geckos
  5 orcs
  8 bats
  A giant cockroach (D:2)
  7 goblins
  4 hobgoblins
  A quokka (D:3)
  A ball python (D:2)
  4 frilled lizards
  7 kobolds
  7 rats
55 creatures vanquished.

Notes
Turn   | Place    | Note
-------+----------+-------------------------------------------
     0 | D:1      | CALLOUS the Gargoyle Enchanter began the quest for the Orb.
     0 | D:1      | Reached XP level 1. HP: 10/10 MP: 3/3
   511 | D:1      | Reached skill level 1 in Fighting
   511 | D:1      | Reached XP level 2. HP: 16/16 MP: 3/5
   547 | D:1      | Learned a level 2 spell: Ensorcelled Hibernation
  1147 | D:1      | Reached skill level 4 in Stealth
  1171 | D:1      | Reached XP level 3. HP: 20/20 MP: 6/6
  1286 | D:2      | Reached skill level 1 in Armour
  1291 | D:2      | Learned a level 3 spell: Dazzling Spray
  2528 | D:3      | Noticed Sigmund
  2780 | D:3      | Reached XP level 4. HP: 26/26 MP: 7/7
  2865 | D:3      | Reached skill level 1 in Conjurations
  2882 | D:3      | Noticed Leibowitz's ghost (amateur MfGl)
  2964 | D:4      | Noticed an ogre
  3732 | D:4      | Noticed Blork the orc
  4222 | D:4      | Killed from afar by an orc priest

Skill      XL: |  1  2  3  4 |
---------------+-------------+-----
Fighting       | 1 2 |  2.0
Stealth        | 4 |  4.6
Armour         | 1 |  1.5
Conjurations   | 1 |  1.3
Short Blades   | |  0.8
Dodging        | |  1.5
Spellcasting   | |  2.0
Hexes          | |  2.6

Action                   |  1- 3 |  4- 6 || total
-------------------------+-------+-------++-------
Melee: Dagger            |   176 |    61 ||   237
Throw: Stone             |     1 |       ||     1
 Cast: Corona            |     4 |       ||     4
       Ensorcelled Hiber |    21 |     7 ||    28
       Dazzling Spray    |     1 |       ||     1
 Stab: Sleeping          |    13 |     5 ||    18
  Eat: Chunk             |     8 |     5 ||    13
Armor: Robe              |    47 |    22 ||    69
Dodge: Dodged            |    90 |    36 ||   126
